AoeStats
← suprême leader

Four Lakes

507820943Analyzed
1v1 RM · 14d ago on Sep 19, 2026· 37m 48s· 2 players
Game mode
Random Map
Map size
Tiny (2 player)
Population
200
Speed
Normal
Resources
Standard
Victory
Conquest
Starting age
Dark Age
Ending age
Imperial Age
RankedLock teamsTeams togetherTeam positionsShared explorationLock speedFull tech treeHidden civsTurbo modeCheats
Victory
Defeat
🇺🇸 Japanese · United States
1172
+14
🇧🇪 Italians · Belgium
1130
-14
Kin
6:26 Loom
9:31 Feudal Age
13:58 Man-at-Arms
18:27 Double-Bit Axe
26:36 Castle Age
25:28 Bloodlines
26:07 Scale Barding Armor
27:48 Chain Barding Armor
32:01 Scale Mail Armor
suprême leader
9:29 Loom
11:15 Feudal Age
12:11 Double-Bit Axe
21:51 Fishing Lines
27:18 Castle Age
26:09 Gold Mining
27:37 Fletching
27:35 Crossbowman
28:21 Thumb Ring
28:24 Padded Archer Armor
29:00 Bow Saw
30:19 Bodkin Arrow
34:59 Town Watch
36:42 Ballistics
36:45 Thumb Ring
36:45 Padded Archer Armor
Connection lost

Rejoining the realm…

Still unreachable

The connection could not be restored.

Session expired

The server has moved on; the page needs a fresh start.